 Dungeon Crawl Stone Soup version 0.17-a0-1946-gfb768fe (console) character file.

51 Kellhus the Slasher (level 3, -3/29 HPs)
             Began as a Mummy Chaos Knight on Oct 1, 2015.
             Killed from afar by Sigmund (12 damage)
             ... with a wand of flame
             ... on level 2 of the Dungeon.
             The game lasted 00:02:20 (1376 turns).

Kellhus the Slasher (Mummy Chaos Knight)            Turns: 1376, Time: 00:02:20

Health: -3/29      AC:  6    Str: 16    XL:     3   Next: 58%
Magic:  3/3        EV: 11    Int: 11    God:    Xom [..*...]
Gold:   96         SH:  0    Dex: 11    Spells: 0 memorised, 2 levels left

rFire  x . .     SeeInvis +     a - +2 short sword (drain)
rCold  + . .     Clarity  .     b - +3 leather armour
rNeg   + + +     SustAt   .     (no shield)
rPois  ∞         Gourm    .     (no helmet)
rElec  .         Spirit   .     (no cloak)
rCorr  .         Warding  .     (no gloves)
rMut   .         Stasis   .     (no boots)
MR     .....                    m - amulet of regeneration
Stlth  +.........               (no ring)
                                g - ring of see invisible

@: not resistant to hostile enchantments, very unstealthy
A: no food or potions, fire vulnerability, cold resistance 1, negative energy
resistance 3, torment resistance, unbreathing
a: Renounce Religion


You were on level 2 of the Dungeon.
You worshipped Xom.
You were a toy of Xom.
You were not hungry.

You visited 1 branch of the dungeon, and saw 2 of its levels.

You collected 96 gold pieces.

Inventory:

Hand weapons
 a - a +2 short sword of draining (weapon)
 d - a +0 falchion of chaos
Armour
 b - a +3 leather armour (worn)
Jewellery
 g - a ring of see invisible (left hand)
 m - an amulet of regeneration (around neck)
Scrolls
 c - 3 scrolls of enchant armour
 e - 2 scrolls of remove curse
 f - a scroll of teleportation {unknown}
 i - a scroll of immolation {unknown}
 j - a scroll of enchant weapon {unknown}
 k - 2 scrolls of identify {unknown}
 l - a scroll of fear {unknown}


   Skills:
 - Level 3.0 Fighting
 + Level 3.8 Long Blades
 - Level 1.5 Armour
 - Level 0.7 Dodging


You had 2 spell levels left.
You didn't know any spells.

Dungeon Overview and Level Annotations

Branches:
Dungeon (2/15)

Altars:
Cheibriados

Annotations:
D:2 Sigmund


Innate Abilities, Weirdness & Mutations

You do not eat or drink.
Your flesh is vulnerable to fire.
You are immune to poison.
Your flesh is cold resistant.
You are immune to negative energy.
You are immune to unholy pain and torment.
You can survive without breathing.


Message History

There are monsters nearby!
You see here a leather armour.
A kobold is nearby!
You hit the kobold.
You kill the kobold!
You hit the rat.
You kill the rat!
No target in view!
Things that are here:
a club; a rat corpse; a kobold corpse Sigmund shouts!
Sigmund zaps a wand.
The puff of flame misses you.
It is a wand of flame.
Sigmund zaps a wand.
The puff of flame hits you! The fire burns you terribly!
Sigmund zaps a wand.
The puff of flame hits you! The fire burns you terribly!
Xom roars with laughter!
Ouch! That really hurt!
* * * LOW HITPOINT WARNING * * *
Sigmund zaps a wand.
The puff of flame hits you! The fire burns you terribly!
You die...
Xom chuckles heartily!

###.......# #......#.##
#.#.####.### ## #.#........ ..# #
# #.#######.# #.#.# #
#.#######.####.#.# #
..........>†.....# ##############
######.##.####.#####.......##...)
# #.##.####..@.......##.##.### #
#.##......##.##.##.##@##.### #
#.#######.##....##.......... #
##.## #.##.##.##.##.##.### #
#...# #.##.##.@.....##.### #
#...# #..........#####.##. #
#...# ####.####### #.##[
#####...##### ..... ..##.
#..).......(# ##...#.. ....@...


You could see Sigmund.

Vanquished Creatures
  An adder (D:2)
  An ooze (D:1)
  A worm (D:2)
  A giant gecko (D:1)
  A ball python (D:1)
  8 bats
  A goblin (D:2)
  4 hobgoblins
  2 giant cockroaches (D:1)
  5 giant newts
  7 kobolds
  5 rats
37 creatures vanquished.

Notes
Turn   | Place    | Note
--------------------------------------------------------------
     0 | D:1      | Kellhus the Mummy Chaos Knight began the quest for the Orb.
     0 | D:1      | Reached XP level 1. HP: 18/18 MP: 1/1
   287 | D:1      | XOM: divination: detect creatures
   311 | D:1      | Reached XP level 2. HP: 17/24 MP: 2/2
  1073 | D:2      | Reached XP level 3. HP: 29/29 MP: 3/3
  1176 | D:2      | XOM: harmless Summ miscast
  1305 | D:2      | Found a snail-covered altar of Cheibriados.
  1329 | D:2      | Noticed Sigmund
  1376 | D:2      | Killed from afar by Sigmund

Vault maps used:
D:1:      scummos_arrival_gate
D:2:      lemuel_crystal_altar, uniq_sigmund, uniq_crazy_yiuf_cottage

Action                   || total
-------------------------++-------
Melee: Falchion          ||    12
       Short sword       ||    78
  Use: Scroll            ||     2
